Map: [ESL] Curious Minds

Players

Solar

  • Race: Zerg Zerg

HeroMarine - Winner!

  • Race: Terran Terran

Event: IEM Katowice 2022

VOD

Have the link to the VOD?

Description

Time

  • Played on: Feb. 26, 2022, 2:10 p.m.
  • Length: 10:15

All games in this series

Show
View Real Time Build Order
Export as new Build Order

Solar Zerg 

Build Orders: Hatch First 

Get SALT Encoding   

  12  0:01  Drone  
  13  0:12  Overlord  
  13  0:17  Drone  
  14  0:31  Drone x2  
  16  0:48  Hatchery  
  15  0:51  Drone  
  15  0:55  Drone  
  17  0:58  Drone  
  18  1:09  Extractor  
  17  1:13  Spawning Pool  
  17  1:16  Drone  
  17  1:20  Drone  
  18  1:28  Drone  
  19  1:38  Drone  
  20  1:49  Drone  
  21  2:00  Queen x2  
  25  2:01  Zergling x4  
  27  2:13  Overlord, Zergling x2  
  27  2:14  Metabolic Boost  
  28  2:32  Hatchery  
  28  2:33  Drone  
  28  2:38  Drone  
  28  2:42  Queen  
  31  2:45  Drone  
  31  2:48  Overlord  
  32  2:54  Drone x2  
  32  2:55  Drone  
  35  2:59  Drone  
  36  3:08  Drone x2  
  36  3:10  Drone x2  
  36  3:11  Drone  
  41  3:16  Queen  
  43  3:20  Overlord  
  43  3:22  Drone  
  44  3:29  Overlord  
  44  3:40  Drone x2  
  46  3:43  Drone x4  
  46  3:44  Queen  
  46  3:46  Drone  
  53  3:50  Overlord  
  53  3:52  Queen  
  56  3:55  Drone x2  
  56  3:56  Drone  
  56  4:00  Zergling x4  
  59  4:04  Drone x2  
  59  4:08  Drone  
  62  4:12  Overlord  
  62  4:15  Zergling x2  
  63  4:18  Drone  
  63  4:20  Zergling x2  
  63  4:21  Drone x2  
  63  4:22  Queen  
  63  4:24  Overlord  
  69  4:25  Drone x2  
  69  4:26  Drone  
  69  4:29  Drone  
  73  4:32  Extractor  
  73  4:33  Spore Crawler  
  73  4:37  Lair  
  73  4:38  Drone x2, Extractor  
  73  4:39  Drone  
  73  4:44  Spore Crawler  
  72  4:46  Drone  
  72  4:48  Drone  
  72  4:50  Drone, Baneling Nest  
  72  4:51  Spore Crawler  
  72  4:52  Drone x2  
  75  4:55  Drone  
  75  4:57  Drone x2  
  75  4:58  Queen  
  75  4:59  Drone  
  81  5:03  Overlord x2  
  81  5:07  Evolution Chamber  
  81  5:08  Drone, Evolution Chamber  
  81  5:09  Drone  
  81  5:12  Extractor x2  
  81  5:13  Drone  
  80  5:15  Drone  
  81  5:22  Hatchery  
  81  5:23  Drone x2  
  81  5:25  Drone  
  81  5:28  Drone x2  
  85  5:31  Drone  
  85  5:32  Drone  
  85  5:33  Drone x2  
  85  5:34  Drone x3  
  92  5:36  Overseer  
  92  5:38  Drone x2  
  92  5:42  Centrifugal Hooks  
  94  5:44  Drone  
  94  5:48  Zerg Ground Armor Level 1  
  96  5:50  Drone x2  
  96  5:52  Overlord  
  96  5:54  Overlord  
  97  5:58  Overlord  
  97  5:59  Overlord  
  97  6:01  Drone  
  97  6:02  Overlord  
  97  6:10  Overlord  
  97  6:11  Zerg Melee Weapons Level 1  
  97  6:12  Zergling x10  
  97  6:14  Zergling x2  
  97  6:16  Zergling x6  
  106  6:21  Zergling x4  
  109  6:25  Zergling x2  
  109  6:30  Zergling x4  
  109  6:31  Zergling x4  
  112  6:34  Spore Crawler  
  112  6:36  Drone  
  112  6:37  Zergling x8  
  112  6:38  Baneling x13  
  117  6:40  Zergling x4  
  117  6:45  Zergling x4  
  120  6:48  Spore Crawler  
  120  6:51  Zergling x2  
  120  6:52  Zergling x2  
  121  6:56  Drone x2  
  121  7:00  Drone x3  
  126  7:01  Zergling x2  
  126  7:02  Zergling x2  
  126  7:03  Baneling x2  
  126  7:06  Zergling x4  
  126  7:08  Zergling x4  
  132  7:10  Baneling x8  
  132  7:14  Zergling x6  
  131  7:20  Zergling x14  
  138  7:26  Queen x2  
  138  7:28  Baneling x8  
  130  7:31  Zergling x2  
  130  7:32  Zergling x12  
  130  7:33  Queen x2  
  140  7:39  Zergling x4  
  133  7:49  Zergling x2  
  133  7:50  Zergling x4  
  118  7:53  Zergling x6  
  118  7:56  Zerg Ground Armor Level 2  
  118  7:58  Zergling x6  
  110  8:00  Baneling x10  
  110  8:02  Queen  
  110  8:03  Zergling x6  
  108  8:06  Zergling x2  
  108  8:07  Zergling x6  
  108  8:11  Zergling x2  
  95  8:14  Queen x2  
  95  8:18  Zergling x6  
  96  8:23  Baneling x4  
  88  8:28  Zergling x8  
  87  8:34  Zergling x4  
  87  8:40  Zergling x14  
  91  8:42  Baneling x2  
  91  8:46  Zergling x8  
  91  8:48  Baneling x5  
  95  8:50  Zergling x6  
  95  8:51  Queen x2  
  98  8:59  Zergling x6  
  98  9:01  Baneling x2  
  94  9:05  Zergling x4  
  85  9:10  Zergling x4  
  85  9:13  Zergling x2  
  85  9:16  Zergling x6  
  86  9:19  Queen  
  86  9:23  Zergling x14  
  90  9:25  Zergling x4  
  90  9:27  Queen  
  90  9:29  Zergling x2  
  90  9:35  Zergling x8  
  90  9:36  Baneling x8  
  90  9:42  Zergling x2  
  90  9:43  Zergling x2  
  88  9:52  Zergling x6  
Show
View Real Time Build Order
Export as new Build Order

HeroMarine Terran - Winner!

Build Orders: Reaper Expand, Hellion Banshee 

Get SALT Encoding   

  12  0:00  SCV  
  13  0:12  SCV  
  14  0:16  Supply Depot  
  14  0:24  SCV  
  15  0:38  SCV  
  15  0:39  Barracks  
  16  0:43  Refinery  
  16  0:50  SCV  
  17  1:02  SCV  
  18  1:14  SCV  
  19  1:26  Reaper, Orbital Command  
  20  1:39  Command Center  
  20  1:47  Supply Depot  
  20  1:52  SCV  
  21  1:58  Marine  
  22  2:04  SCV  
  22  2:08  Factory  
  23  2:16  SCV  
  23  2:20  Barracks Reactor  
  24  2:28  SCV  
  25  2:40  SCV  
  26  2:44  Command Center  
  26  2:51  Orbital Command  
  26  2:52  SCV  
  27  3:04  SCV  
  28  3:06  Starport  
  28  3:08  Refinery  
  28  3:10  Hellion  
  30  3:13  Hellion  
  30  3:17  SCV  
  30  3:18  SCV  
  34  3:27  Barracks Tech Lab  
  34  3:29  SCV  
  34  3:30  SCV  
  34  3:31  Hellion  
  38  3:35  Hellion  
  38  3:41  SCV  
  41  3:43  SCV  
  42  3:50  Banshee  
  42  3:53  SCV  
  46  3:55  SCV  
  46  3:57  Orbital Command  
  46  4:01  Hellion  
  49  4:03  Hellion  
  49  4:05  SCV, Barracks Tech Lab  
  49  4:09  SCV, Refinery  
  53  4:17  SCV  
  53  4:21  SCV  
  53  4:23  Marine  
  57  4:24  SCV  
  57  4:29  SCV  
  58  4:31  Barracks  
  58  4:32  Barracks, Factory Reactor  
  61  4:45  Supply Depot  
  61  4:46  Stimpack  
  61  4:48  Supply Depot  
  61  4:50  Marine  
  61  4:54  Barracks  
  61  4:55  Engineering Bay  
  61  4:56  Barracks, Engineering Bay  
  61  4:58  SCV x2  
  61  5:00  Starport Reactor  
  61  5:08  Supply Depot, Refinery, Marine  
  61  5:09  SCV  
  61  5:10  SCV  
  61  5:11  Supply Depot, SCV  
  65  5:22  Terran Infantry Weapons Level 1, Terran Infantry Armor Level 1  
  65  5:26  Marine  
  65  5:27  Marine x2  
  65  5:28  SCV  
  70  5:30  Marine x2  
  70  5:33  Siege Tank  
  74  5:37  Supply Depot  
  74  5:39  Orbital Command  
  74  5:40  Medivac  
  74  5:41  Medivac  
  74  5:42  Barracks Reactor  
  77  5:44  Marine x2  
  77  5:45  Barracks Reactor  
  77  5:46  SCV x2  
  77  5:49  Marine x3  
  84  5:57  Supply Depot  
  84  6:02  Marine x2  
  86  6:06  Siege Tank  
  86  6:07  Marine x3  
  92  6:15  Medivac  
  92  6:17  Supply Depot  
  94  6:20  Marine x2, Medivac  
  94  6:21  Marine x3  
  94  6:25  Marine x4, Combat Shield  
  105  6:31  Armory  
  105  6:38  Marine x4  
  105  6:39  Marine  
  110  6:42  Marine  
  110  6:43  Marine x3  
  110  6:44  Siege Tank  
  117  6:58  Supply Depot  
  117  7:00  Marine x6, Medivac  
  117  7:01  Supply Depot  
  125  7:13  Marine  
  125  7:14  Marine x2  
  62  7:15  Medivac  
  124  7:18  Marine x5  
  124  7:22  Marine, Terran Infantry Weapons Level 2  
  112  7:31  Marine  
  112  7:32  Marine x2  
  112  7:35  Medivac  
  115  7:39  Marine x2  
  115  7:41  Marine x2  
  117  7:45  Medivac  
  117  7:49  Marine x2  
  117  7:50  Orbital Command  
  117  7:51  Marine  
  108  7:52  Marine  
  108  7:53  Marine  
  108  7:57  Marine x2  
  96  8:05  Medivac, Siege Tank  
  100  8:12  Marine x2  
  98  8:13  Marine  
  98  8:15  Marine x2, Medivac  
  102  8:20  Marine  
  102  8:22  Marine x2  
  98  8:27  Marine  
  98  8:30  Marine x2  
  98  8:31  Marine  
  98  8:33  Marine x2  
  92  8:35  Liberator  
  91  8:42  Marine x3  
  91  8:45  Liberator  
  91  8:46  Siege Tank  
  91  8:48  Marine  
  100  8:49  Marine  
  100  8:52  Marine x2  
  100  8:54  Marine x2  
  104  9:00  Marine  
  103  9:03  Marine  
  103  9:04  Marine  
  103  9:06  Marine  
  98  9:12  Marine x4  
  98  9:13  Marine  
  98  9:15  SCV x3  
  91  9:17  Marine  
  91  9:18  Siege Tank, Liberator  
  91  9:21  Marine  
  91  9:22  Marine  
  91  9:24  Marine  
  100  9:27  SCV x3  
  100  9:29  Marine x2  
  100  9:30  Marine x2  
  100  9:31  Marine  
  109  9:35  Marine  
  109  9:39  Marine  
  109  9:40  Marine  
  109  9:43  Marine  
  112  9:47  Marine x2  
  112  9:48  Marine  
  112  9:50  Marine x2  
  114  9:53  Marine  
  114  9:57  Marine  
  112  10:07  Supply Depot  
  112  10:09  Supply Depot  

Tags
 
Add a new tag
Caveats
  • Supply blocks, unpowered buildings, or Contaminate may cause inaccurate times.
  • Supply counts are checked every 10 seconds.